 Dungeon Crawl Stone Soup version 0.19-a0-998-gfd37873 (console) character file.

56 medicine the Twirler (level 3, -1/29 HPs)
             Began as a Centaur Gladiator on July 17, 2016.
             Slain by an orc
             ... wielding a +0 hand axe
              (4 damage)
             ... on level 3 of the Dungeon.
             The game lasted 00:01:04 (1377 turns).

medicine the Twirler (Centaur Gladiator)            Turns: 1377, Time: 00:01:05

Health: -1/29      AC:  7    Str: 18    XL:     3   Next: 69%
Magic:  3/3        EV:  8    Int:  7    God:
Gold:   27         SH:  0    Dex:  9    Spells: 0 memorised, 2 levels left

rFire  . . .     SeeInvis .     Y - +0 quarterstaff
rCold  . . .     Gourm    .     g - +0 scale mail
rNeg   . . .     Faith    .     (shield currently unavailable)
rPois  .         Spirit   .     c - +0 helmet
rElec  .         Dismiss  .     (no cloak)
rCorr  .         Reflect  .     (no gloves)
SustAt .         Harm     .     (no barding)
MR     .....                    (no amulet)
Stlth  ..........               (no ring)
                                (no ring)

@: very quick, not resistant to hostile enchantments, extremely unstealthy
A: hooves 3, deformed body, speed 2, tough skin 3
a: no special abilities


You were on level 3 of the Dungeon.
You were hungry.

You visited 1 branch of the dungeon, and saw 3 of its levels.

You collected 27 gold pieces.


Innate Abilities, Weirdness & Mutations

You have hooves in place of feet.
Armour fits poorly on your strangely shaped body.
You cover ground very quickly.
You have extremely tough skin. (AC +3)


   Skills:
 - Level 2.0 Fighting
 + Level 4.2 Staves
 - Level 2.1 Throwing
 - Level 2.1 Dodging


You had 2 spell levels left.
You didn't know any spells.

Inventory:

Hand Weapons
 Y - a +0 quarterstaff (weapon)
Missiles
 i - 5 tomahawks of returning (quivered)
Armour
 c - a +0 helmet (worn)
 g - a +0 scale mail (worn)
Jewellery
 m - an uncursed ring of see invisible {unknown}
Scrolls
 a - 2 scrolls of remove curse
 e - 2 scrolls of fear {unknown}
 h - a scroll of identify {unknown}
Potions
 k - a potion of degeneration {unknown}
 l - a potion of lignification {unknown}
Comestibles
 b - a meat ration
 d - 5 chunks of flesh
 f - 2 bread rations
 j - a beef jerky

Dungeon Overview and Level Annotations

Branches:
Dungeon (3/15)

Altars:
Fedhas
Zin


Message History

1369 ||| Stepping ~*~*~tactically~*~*~ (outnumbered).
A hobgoblin comes into view.
The hobgoblin shouts!
You hit the gnoll but do no damage. The gnoll hits you but does no damage.
The gnoll closely misses you.
An orc comes into view. It is wielding a whip.
1371 ||| Stepping ~*~*~tactically~*~*~ (outnumbered).
An adder comes into view.
1372 ||| Stepping ~*~*~tactically~*~*~ (outnumbered).
Found 7 stones.
Found a stone staircase leading up.
1373 ||| Stepping ~*~*~tactically~*~*~ (outnumbered).
You closely miss the hobgoblin.
The hobgoblin hits you but does no damage.
The gnoll hits you from afar with a halberd!
1375 ||| Stepping ~*~*~tactically~*~*~ (outnumbered).
The hobgoblin barely misses you.
1376 ||| Stepping ~*~*~tactically~*~*~ (outnumbered).
You closely miss the orc. You kick the orc, but do no damage.
The orc hits you with a hand axe.
You die...

....# ####.#####
..<.. #...)....#
..... #.##.###.#
.....#######.##.#
#..
......#....#.##.#
#..
.....o#....'.##.#
#..
....S......####g#
#.. #.......###...
#..
###gg...)......#..
#@og...........###
####.#.........
#...........
##.#####....###
..( ....#.# .....
...#.. ...... #.#
..## #.# #.. #####
#....


You could see 2 gnolls, an orc and a hobgoblin.

Vanquished Creatures
  A gnoll (D:3)
  An adder (D:2)
  A dart slug (D:1)
  A giant gecko (D:3)
  6 bats
  A giant cockroach (D:1)
  4 goblins
  2 hobgoblins
  2 jackals (D:2)
  3 giant newts (D:1)
  6 kobolds
  4 rats
32 creatures vanquished.

Notes
Turn   | Place    | Note
-------+----------+-------------------------------------------
     0 | D:1      | medicine the Centaur Gladiator began the quest for the Orb.
     0 | D:1      | Reached XP level 1. HP: 17/17 MP: 1/1
     0 | D:1      | 0 ||| counter = 60
   105 | D:1      | Reached skill level 3 in Staves
   242 | D:1      | 242 ||| Stepping ~*~*~tactically~*~*~ (stealth).
   244 | D:1      | 244 ||| Stepping ~*~*~tactically~*~*~ (stealth).
   284 | D:1      | 284 ||| Stepping ~*~*~tactically~*~*~ (stealth).
   285 | D:1      | 285 ||| Stepping ~*~*~tactically~*~*~ (stealth).
   287 | D:1      | 287 ||| Stepping ~*~*~tactically~*~*~ (stealth).
   294 | D:1      | Reached XP level 2. HP: 23/24 MP: 2/2
   534 | D:1      | 534 ||| Stepping ~*~*~tactically~*~*~ (hiding).
   535 | D:1      | 535 ||| Stepping ~*~*~tactically~*~*~ (hiding).
   536 | D:1      | 536 ||| Waiting for ranged monster.
   537 | D:1      | 537 ||| Waiting for ranged monster.
   538 | D:1      | 538 ||| Waiting for ranged monster.
   539 | D:1      | 539 ||| Waiting for ranged monster.
   540 | D:1      | 540 ||| Waiting for ranged monster.
   541 | D:1      | 541 ||| Waiting for ranged monster.
   544 | D:1      | 544 ||| Waiting for ranged monster.
   576 | D:1      | 576 ||| Stepping ~*~*~tactically~*~*~ (hiding).
   577 | D:1      | 577 ||| Waiting for ranged monster.
   578 | D:1      | 578 ||| Waiting for ranged monster.
   579 | D:1      | 579 ||| Waiting for ranged monster.
   580 | D:1      | 580 ||| Waiting for ranged monster.
   586 | D:1      | 586 ||| Stepping ~*~*~tactically~*~*~ (stealth).
   737 | D:1      | 737 ||| Stepping ~*~*~tactically~*~*~ (stealth).
   740 | D:1      | 740 ||| Stepping ~*~*~tactically~*~*~ (hiding).
   741 | D:1      | 741 ||| Waiting for ranged monster.
   742 | D:1      | 742 ||| Waiting for ranged monster.
   743 | D:1      | 743 ||| Waiting for ranged monster.
   744 | D:1      | 744 ||| Waiting for ranged monster.
   748 | D:1      | 748 ||| Waiting for ranged monster.
   749 | D:1      | 749 ||| Waiting for ranged monster.
   764 | D:1      | 764 ||| UPGRADING to ring mail.
   774 | D:1      | 774 ||| DROPPING +0 leather armour.
   775 | D:1      | 775 ||| READING 2 scrolls labeled REETAF WALYIT.
   776 | D:1      | 776 ||| DROPPING 3 throwing nets.
   792 | D:2      | Reached XP level 3. HP: 29/29 MP: 3/3
   804 | D:2      | 804 ||| Stepping ~*~*~tactically~*~*~ (outnumbered).
   805 | D:2      | 805 ||| Stepping ~*~*~tactically~*~*~ (outnumbered).
   845 | D:2      | Found a glowing silver altar of Zin.
   856 | D:2      | Found a faded altar of an unknown god.
   894 | D:2      | Found a blossoming altar of Fedhas.
  1049 | D:2      | Reached skill level 4 in Staves
  1073 | D:2      | 1073 ||| UPGRADING to scale mail.
  1083 | D:2      | 1083 ||| DROPPING +0 ring mail.
  1084 | D:2      | 1084 ||| READING scroll labeled FOONAO LENIE.
  1350 | D:3      | 1350 ||| Stepping ~*~*~tactically~*~*~ (stealth).
  1351 | D:3      | 1351 ||| Stepping ~*~*~tactically~*~*~ (stealth).
  1369 | D:3      | 1369 ||| Stepping ~*~*~tactically~*~*~ (outnumbered).
  1371 | D:3      | 1371 ||| Stepping ~*~*~tactically~*~*~ (outnumbered).
  1372 | D:3      | 1372 ||| Stepping ~*~*~tactically~*~*~ (outnumbered).
  1373 | D:3      | 1373 ||| Stepping ~*~*~tactically~*~*~ (outnumbered).
  1374 | D:3      | HP: 3/29 [gnoll/halberd (10)]
  1375 | D:3      | 1375 ||| Stepping ~*~*~tactically~*~*~ (outnumbered).
  1376 | D:3      | 1376 ||| Stepping ~*~*~tactically~*~*~ (outnumbered).
  1377 | D:3      | Slain by an orc

Vault maps used:
D:1:      lightli_arrival_boilingwater
D:2:      fedhas_altar_3, old_standard_altar, ecumenical_altar_1

Skill      XL: |  1  2  3 |
---------------+----------+-----
Staves         | 3 4 |  4.2
Fighting       | |  2.0
Throwing       | |  2.1
Dodging        | |  2.1

Action                   || total
-------------------------++-------
Melee: Quarterstaff      ||    73
       Kick              ||    15
Throw: Tomahawk          ||    23
  Use: Scroll            ||     2
Armor: Leather armour    ||    27
       Scale mail        ||     6
       Ring mail         ||     2
Dodge: Dodged            ||    42
